 Dungeon Crawl Stone Soup version 0.30-a0-591-g3c58d2bc28 (webtiles) character file.

Game seed: 12268184439304435776

2229 Dirtsage the Transmogrifier (level 9, -15/52 (68) HPs)
             Began as an Octopode Transmuter on Jan 5, 2023.
             Demolished by a soul eater (16 damage)
             ... summoned by an orc sorcerer
             ... on level 7 of the Dungeon.
             The game lasted 00:15:27 (6071 turns).

Dirtsage the Transmogrifier (Octopode Transmuter)   Turns: 6071, Time: 00:15:28

HP:   -15/52 (68)   AC: 10    Str: 10    XL:     9   Next: 36%
MP:   12/12         EV: 10    Int: 19    God:
Gold: 223           SH:  0    Dex: 12    Spells: 5/12 levels left

rFire   . . .      SeeInvis .      - Unarmed
rCold   + + +      Faith    .    (shield currently unavailable)
rNeg    . . .      Spirit   .    (helmet currently unavailable)
rPois   +          Reflect  .    (no amulet)
rElec   .          Harm     .    I - ring of protection from cold
rCorr   .          Rampage  .    F - ring of protection from fire
Will    .....                    (no ring)
Stlth   +                        (no ring)
HPRegen 0.28/turn                (no ring)
MPRegen 0.13/turn                (no ring)
                                 (no ring)
                                 (no ring)

@: ice-form, heavily drained
A: freezing attack, boosted hp, almost no armour, amphibious, 8 rings, large,
(camouflage 1), (gelatinous body 1), (nimble swimmer 1), (tentacles)
a: End Transformation


You were on level 7 of the Dungeon.
You were a creature of crystalline ice.
You visited 1 branch of the dungeon, and saw 7 of its levels.

You collected 223 gold pieces.

Inventory:

Missiles
 c - a throwing net
 p - 6 curare-tipped darts
Magical Staves
 e - a staff of cold (melded)
Jewellery
 z - a ring of ice
 F - a ring of protection from fire (right front paw)
 I - a ring of protection from cold (left front paw)
Wands
 g - a wand of paralysis (9)
 n - a wand of roots (18)
 u - a wand of mindburst (2)
Scrolls
 b - a scroll of brand weapon
 d - 2 scrolls of torment {unknown}
 f - 2 scrolls of enchant armour {unknown}
 k - a scroll of enchant weapon {unknown}
 o - a scroll of noise
 r - a scroll of silence {unknown}
 s - a scroll of magic mapping {unknown}
 t - 4 scrolls of teleportation
 w - a scroll of immolation {unknown}
 x - a scroll of fear {unknown}
 y - a scroll of poison
 B - a scroll of blinking
Potions
 a - 3 potions of lignification
 h - 3 potions of haste
 j - 3 potions of mutation {unknown}
 l - a potion of heal wounds
 m - a potion of berserk rage
 q - 2 potions of curing
 v - a potion of attraction


   Skills:
 + Level 3.3 Fighting
 - Level 2.0 Dodging
 + Level 4.5 Unarmed Combat
 - Level 2.0 Spellcasting
 - Level 8.0 Transmutations
 * Level 7.9 Ice Magic


You had 5 spell levels left.
You knew the following spells:

 Your Spells              Type           Power      Damage    Failure   Level
a - Beastly Appendage     Tmut           64%        N/A       1%          1
b - Wereblood             Tmut           32%        N/A       1%          2
c - Ice Form              Ice/Tmut       32%        N/A       6%          4

Your spell library contained the following spells:

 Spells                   Type           Power      Damage    Failure   Level
 Passwall                 Tmut/Erth      14%        N/A       4%          2
 Spider Form              Tmut/Pois      17%        N/A       10%         3
 Magic Dart               Conj           4%         1d3       17%         1
 Sandblast                Erth           2%         2d4       17%         1
 Searing Ray              Conj           2%         2d4       26%         2
 Stone Arrow              Conj/Erth      2%         3d7       45%         3
 Fulminant Prism          Conj/Hex       0%         3d5       86%         4


Dungeon Overview and Level Annotations

Branches:
Dungeon (7/15)
 Temple: D:4-7

Altars:
Dithmenos
Hepliaklqana
Makhleb
Okawaru
Trog
Vehumet
Xom

Shops:
D:4 ([(


Innate Abilities, Weirdness & Mutations

You are a creature of crystalline ice.
You have a powerful freezing melee attack.
Your maximum health is increased.
Your armour is entirely melded.
You are incapable of wielding weapons or throwing items.
You cannot wear most types of armour.
You are amphibious.
You can wear up to eight rings at the same time.
((Your skin changes colour to match your surroundings (Stealth+).))
((Your rubbery body absorbs attacks. (AC +1, EV +1)))
((You are camouflaged when in or above water. (Stealth+)))
((You have tentacles for arms and can constrict up to eight enemies at once.))


Message History

You take 7 damage, and have 51/58 hp.
The orc sorcerer casts a spell at you. The bolt of negative energy hits you!!
You feel drained.
Ouch! That really hurt!
You take 31 damage, and have 20/55 hp.
MASSIVE DAMAGE!!
You hit the orc sorcerer. You freeze the orc sorcerer.
The orc sorcerer is lightly wounded.
The orc sorcerer hits you with a +0 dagger.
You take 2 damage, and have 18/55 hp.
You barely miss the orc sorcerer.
The orc sorcerer is lightly wounded.
The soul eater hits you but does no damage.
The orc sorcerer becomes larger for a moment.
The orc sorcerer hits you with a +0 dagger.
You take 1 damage, and have 17/55 hp.
You punch the orc sorcerer! You freeze the orc sorcerer.
The orc sorcerer is heavily wounded.
The soul eater draws from the surrounding life force!
* * * LOW HITPOINT WARNING * * *
The orc sorcerer casts a spell.
You take 6 damage, and have 11/55 hp.
You hit the orc sorcerer. You freeze the orc sorcerer.
The orc sorcerer is severely wounded.
The soul eater misses you.
The orc sorcerer becomes larger for a moment.
The orc sorcerer points at you and mumbles some strange words.
You suddenly lose the ability to move!
The soul eater hits you!
* * * LOW HITPOINT WARNING * * *
You feel drained.
* * * LOW HITPOINT WARNING * * *
The orc sorcerer gestures wildly while chanting.
The soul eater draws from the surrounding life force!
The orc sorcerer barely misses you.
You can move again.
You take 10 damage, and have 1/52 hp.
You hit the orc sorcerer. You freeze the orc sorcerer.
The orc sorcerer is severely wounded.
The soul eater hits you!
You die...

.## ###.. ... ......
....# ##.... #. #.#
...... .. #.#####
##....#. #.##.. ........
#.##.#
####...####.##.######...
....>........$..Y3......
#####..#######.##o4...##
#..<..# #.# .4...#
#...#.# #.# .....# #...#
.. #.# ..^..# .....#
#.#.# ....... ##+####
#.# ....### #.. ..... .


You could see a soul eater (summoned), a hellwing (summoned), a chaos spawn
(summoned) and an orc sorcerer.

Vanquished Creatures
  Sigmund (D:4)
  Duvessa (D:4)
  3 ice beasts
  3 water moccasins
  A black bear (D:5)
  2 ogres (D:6)
  2 phantoms
  Blork the orc (D:4)
  A bullfrog (D:6)
  2 scorpions
  2 wights (D:7)
  Dowan (D:4)
  A howler monkey (D:4)
  A crimson imp (D:3)
  A jelly (D:6)
  An orc priest (D:7)
  3 hounds (D:6)
  Terence (D:3)
  Ijyb (D:4)
  Natasha (twice) (D:2)
  An iguana (D:4)
  Robin (D:4)
  7 gnolls
  6 adders
  A white imp (D:6)
  A worm (D:2)
  A dart slug (D:1)
  6 orcs
  11 endoplasms
  6 giant cockroaches
  19 goblins
  5 hobgoblins
  3 jackals (D:2)
  6 quokkas
  5 ball pythons
  5 bats
  3 frilled lizards (D:1)
  4 kobolds
  4 rats
126 creatures vanquished.

Notes
Turn   | Place    | Note
-------+----------+-------------------------------------------
     0 | D:1      | Dirtsage the Octopode Transmuter began the quest for the
                  | Orb.
     0 | D:1      | Reached XP level 1. HP: 13/13 MP: 3/3
   153 | D:1      | Reached skill level 1 in Ice Magic
   153 | D:1      | Reached XP level 2. HP: 18/18 MP: 5/5
   581 | D:1      | Learned a level 2 spell: Wereblood
   677 | D:2      | Reached XP level 3. HP: 23/23 MP: 6/6
   678 | D:2      | Found a shimmering altar of Xom.
   711 | D:2      | Found a faded altar of an unknown god.
   831 | D:2      | Noticed Natasha
   842 | D:2      | Killed Natasha
   843 | D:2      | Reached skill level 3 in Transmutations
   843 | D:2      | Reached XP level 4. HP: 22/28 MP: 5/7
   909 | D:2      | Noticed Natasha
   918 | D:2      | Killed Natasha
  1460 | D:3      | Noticed Terence
  1470 | D:3      | Learned a level 4 spell: Ice Form
  1484 | D:3      | Killed Terence
  1485 | D:3      | Reached XP level 5. HP: 28/33 MP: 4/8
  1598 | D:3      | Reached skill level 4 in Transmutations
  2167 | D:3      | Found a burning altar of Makhleb.
  2168 | D:3      | Found a radiant altar of Vehumet.
  2335 | D:4      | Noticed a water moccasin
  2345 | D:4      | Killed a water moccasin
  2346 | D:4      | Reached XP level 6. HP: 36/38 MP: 4/9
  2503 | D:4      | Reached skill level 5 in Transmutations
  2653 | D:4      | Noticed Robin
  2658 | D:4      | Killed Robin
  2725 | D:4      | Found Fahi Sugh's Weapon Shop.
  2726 | D:4      | Noticed Duvessa
  2738 | D:4      | Noticed Dowan
  2799 | D:4      | Killed Duvessa
  2800 | D:4      | Reached skill level 5 in Ice Magic
  2800 | D:4      | Reached XP level 7. HP: 27/43 MP: 2/10
  2811 | D:4      | Killed Dowan
  2997 | D:4      | Noticed Sigmund
  3006 | D:4      | Killed Sigmund
  3007 | D:4      | Reached skill level 6 in Transmutations
  3036 | D:4      | Found Neklanut's Antique Weapon Boutique.
  3280 | D:4      | Noticed Ijyb
  3292 | D:4      | Killed Ijyb
  3293 | D:4      | Reached XP level 8. HP: 13/48 MP: 3/11
  3457 | D:4      | Noticed Blork the orc
  3467 | D:4      | Killed Blork the orc
  3603 | D:4      | Found Gegiurgh's Armour Boutique.
  3634 | D:5      | Entered Level 5 of the Dungeon
  3967 | D:5      | Reached skill level 7 in Transmutations
  4077 | D:5      | Found a shadowy altar of Dithmenos.
  4088 | D:5      | Found a bloodstained altar of Trog.
  4581 | D:5      | Found an iron altar of Okawaru.
  4581 | D:5      | Found a hazy altar of Hepliaklqana.
  5121 | D:6      | Reached XP level 9. HP: 53/55 MP: 7/12
  5428 | D:6      | Reached skill level 8 in Transmutations
  5873 | D:7      | Noticed an orc sorcerer
  5875 | D:7      | Noticed an ice devil
  6063 | D:7      | Noticed a soul eater
  6068 | D:7      | Paralysed by an orc sorcerer for 2 turns
  6069 | D:7      | HP: 1/52 [soul eater[an orc sorcerer] (2)]
  6070 | D:7      | Noticed a hellwing
  6071 | D:7      | Demolished by a soul eater

Illustrated notes

Levels and vault maps discovered:
D:1:      heliophobic_arrival_dark_side_of_the_moon, layout_basic,
          dreamdust_princess_corridor, minmay_unequal
D:2:      layout_rooms, basic_altar, ebering_ecumenical_altar_box,
          minmay_circle_x, uniq_natasha
D:3:      layout_basic, grunt_temple_overflow_lords_of_destruction,
          serial_corexii_hall, chequers_hall_statues_wall_a,
          chequers_hall_statues_y, corexii_hall_statues_x,
          corexii_hall_statues_l, uniq_terence
D:4:      layout_loops_ring, serial_shops, nicolae_diamond_shop,
          nicolae_shop_trees, nicolae_shop_crystal, uniq_blork_the_orc,
          uniq_sigmund, uniq_duvessa, uniq_robin, uniq_ijyb
D:5:      layout_layer_cave, mainiacjoe_overflow_alcove_3,
          hangedman_decor_lopped
D:6:      layout_basic
D:7:      cheibrodos_wizards_tower, layout_basic,
          minmay_temple_entry_glassed_door, grunt_ministairs_4, minivault_23

Skill      XL: |  1  2  3  4  5  6  7  8  9 |
---------------+----------------------------+-----
Ice Magic      | 1 2 3 4 5 6 7 |  7.9
Transmutations | 3 4 5 6 7 8 |  8.0
Fighting       | 2 3 |  3.3
Unarmed Combat | 4 |  4.5
Dodging        | |  2.0
Spellcasting   | |  2.0

Action                   |  1- 3 |  4- 6 |  7- 9 || total
-------------------------+-------+-------+-------++-------
Melee: Unarmed           |    72 |   132 |   171 ||   375
       Constrict         |    14 |    20 |     1 ||    35
       Tentacles         |    13 |    14 |     1 ||    28
       Punch             |     5 |     3 |     1 ||     9
       Kick              |     5 |     6 |     2 ||    13
       Staff             |       |       |     1 ||     1
 Cast: Beastly Appendage |     3 |     4 |     1 ||     8
       Ice Form          |       |     8 |    23 ||    31
  Use: Scroll            |       |     1 |     8 ||     9
       Potion            |       |     2 |       ||     2
 Stab: Sleeping          |     9 |     2 |       ||    11
Armor: Skin              |     7 |    31 |    51 ||    89
Dodge: Dodged            |    42 |    64 |    74 ||   180

Table legend: (Time is in decaauts)
 A = Elapsed time spent in this place.
 B = Non-inter-level travel time spent in this place.
 C = Inter-level travel time spent in this place.
 D = Time resting spent in this place.
 E = Time spent auto-exploring this place.
 F = Levels seen in this place.
 G = Mean time per level.
                   A        B        C        D        E       F      G
               +--------+--------+--------+--------+--------+-----+--------+
         Total |   6046 |   5875 |    171 |    131 |   4710 |   7 |  863.7 |
       Dungeon |   6046 |   5875 |    171 |    131 |   4710 |   7 |  863.7 |
               +--------+--------+--------+--------+--------+-----+--------+

Top non-repeatable levels by time:
     D:5: 1386 daAuts
     D:4: 1297 daAuts
     D:3: 980 daAuts
     D:6: 877 daAuts
     D:2: 736 daAuts
     D:1: 605 daAuts
     D:7: 162 daAuts
